 Dungeon Crawl Stone Soup version 0.25-a0-591-g2ad0d861f1 (webtiles) character file.

Game seed: 17210709365113328488, levelgen mode: deterministic

56872 Korbz the Arsonist (level 14, -10/121 HPs)
             Began as a Red Draconian Fire Elementalist on Mar 12, 2020.
             Was the Champion of Fedhas.
             Mangled by a torpor snail (13 damage)
             ... on level 6 of the Lair of Beasts on Mar 14, 2020.
             The game lasted 05:17:53 (35123 turns).

Korbz the Arsonist (DrFE)                          Turns: 35123, Time: 05:17:56

Health: -10/121    AC: 14    Str: 10    XL:     14   Next: 43%
Magic:  6/30       EV: 17    Int: 20    God:    Fedhas [******]
Gold:   1193       SH:  0    Dex: 13    Spells: 17/37 levels left

rFire    + + +     SeeInvis .   A - staff of fire
rCold    x x .     Gourm    .   (no shield)
rNeg     . . .     Faith    +   (armour unavailable)
rPois    .         Spirit   .   (helmet restricted)
rElec    .         Reflect  .   G - +1 cloak
rCorr    .         Harm     .   v - +1 pair of gloves
MR       +....                  i - +1 pair of boots
Stlth    +++.......             E - amulet of faith
HPRegen  0.30/turn              k - ring "Vozxuteh" {Fire +Blink +Inv +Fly Stlth+}
MPRegen  0.22/turn              N - ring of fire

@: slowed, very slow
A: breathe fire, unfitting armour, fire resistance 1, cold-blooded, AC +8
a: Breathe Fire, Wall of Briars, Grow Ballistomycete, Overgrow, Grow Oklob,
Renounce Religion, Evoke Blink, Evoke Invisibility, Evoke Flight


You were on level 6 of the Lair of Beasts.
You worshipped Fedhas.
Fedhas was exalted by your worship.
You were not hungry.

You visited 2 branches of the dungeon, and saw 17 of its levels.

You collected 1336 gold pieces.
You spent 143 gold pieces at shops.

Inventory:

Hand Weapons
 q - a +0 hunting sling
 B - a +3 spear of freezing
Missiles
 e - 144 arrows
 g - 664 stones (quivered)
 y - 133 bolts
Armour
 i - a +1 pair of boots (worn)
 v - a +1 pair of gloves (worn)
 G - a +1 cloak (worn)
Magical Staves
 A - an uncursed staff of fire (weapon)
Jewellery
 k - the ring "Vozxuteh" (left hand) {Fire +Blink +Inv +Fly Stlth+}
   (You found it on level 7 of the Dungeon)

   [ring of fire]

   It enhances your fire magic.
   It protects you from fire.
   It makes you vulnerable to cold.
   It lets you turn invisible.
   It lets you fly.
   It lets you blink.
   It makes you more stealthy.
 l - an uncursed ring of protection from fire
 r - an uncursed ring of flight
 E - an amulet of faith (around neck)
 H - an uncursed ring of protection from magic
 L - an uncursed ring of stealth {unknown}
 N - a ring of fire (right hand)
 X - the macabre finger necklace {rN+}
   (You found it on level 7 of the Dungeon)

   [amulet of nothing]

   It protects you from negative energy.
Wands
 a - a wand of acid (18)
 o - a wand of digging (5)
 p - a wand of flame (14)
 M - a wand of polymorph (8)
 Q - a wand of disintegration (30)
 V - a wand of iceblast (7)
Scrolls
 c - 3 scrolls of magic mapping
 h - 5 scrolls of remove curse
 j - 2 scrolls of fear {unknown}
 m - 6 scrolls of enchant weapon
 n - 2 scrolls of acquirement {unknown}
 t - 4 scrolls of immolation
 z - 5 scrolls of amnesia
 F - 6 scrolls of teleportation
 P - 2 scrolls of fog
 U - 3 scrolls of blinking {unknown}
 Y - a scroll of summoning {unknown}
 Z - 4 scrolls of noise {unknown}
Potions
 d - 2 potions of lignification {unknown}
 f - 5 potions of flight
 s - a potion of invisibility
 u - 2 potions of heal wounds
 w - 5 potions of brilliance
 x - 2 potions of magic {unknown}
 C - a potion of stabbing {unknown}
 D - a potion of cancellation {unknown}
 I - a potion of berserk rage {unknown}
 J - 2 potions of ambrosia {unknown}
 K - 3 potions of might
 R - 4 potions of curing
 S - 3 potions of haste
 W - a potion of mutation {unknown}
Miscellaneous
 O - a lamp of fire
Comestibles
 b - 10 rations
 T - 8 chunks of flesh


   Skills:
 + Level 10.1 Fighting
   Level 1.0(1.1) Axes
 - Level 0.5(0.9) Polearms
 + Level 8.8 Dodging
 - Level 3.7 Stealth
 + Level 12.3 Spellcasting
 - Level 7.2 Conjurations
 * Level 8.2 Transmutations
 + Level 12.9 Fire Magic
 + Level 3.6 Earth Magic
 * Level 6.7 Invocations
 * Level 4.4 Evocations


You had 17 spell levels left.
You knew the following spells:

 Your Spells              Type           Power        Failure   Level  Hunger
a - Foxfire               Conj/Fire      ####         1%          1    None
b - Conjure Flame         Conj/Fire      ########     1%          3    None
c - Fireball              Conj/Fire      ########..   2%          5    ####...
d - Sticks to Snakes      Tmut           #####...     1%          2    None
e - Sticky Flame          Conj/Fire      ########     1%          4    #......
f - Bolt of Magma         Conj/Fire/Erth #######...   6%          5    ####...

Your spell library contained the following spells:

 Spells                   Type           Power        Failure   Level  Hunger
 Beastly Appendage        Tmut           #####.       1%          1    None
 Inner Flame              Hex/Fire       #######.     1%          3    None
 Spider Form              Tmut/Pois      ####......   3%          3    None
 Petrify                  Tmut/Erth      #####...     4%          4    #......
 Blade Hands              Tmut           #####.....   4%          5    ####...
 Apportation              Tloc           ##....       5%          1    None
 Corona                   Hex            ##.....      5%          1    None
 Summon Butterflies       Summ           ##......     5%          1    None
 Slow                     Hex            ##......     9%          2    None
 Ice Form                 Ice/Tmut       ####....     10%         4    #......
 Confusing Touch          Hex            ##......     17%         3    None
 Gell's Gravitas          Tloc           ##........   17%         3    None
 Lesser Beckoning         Tloc           ##........   17%         3    None
 Portal Projectile        Hex/Tloc       ##....       17%         3    None
 Tukima's Dance           Hex            ##......     17%         3    None
 Leda's Liquefaction      Hex/Erth       ###.......   26%         4    #......
 Alistair's Intoxication  Tmut/Pois      ####....     28%         5    ####...
 Yara's Violent Unravell  Hex/Tmut       ####......   28%         5    ####...
 Iskenderun's Battlesphe  Conj/Chrm      ####....     34%         5    ####...
 Cause Fear               Hex            ##........   50%         4    #......
 Iron Shot                Conj/Erth      ####......   65%         6    ######.
 Metabolic Englaciation   Hex/Ice        ##........   83%         5    ####...
 Orb of Destruction       Conj           #####.....   93%         7    #######
 Invisibility             Hex            ##......     100%        6    ######.
 Spellforged Servitor     Conj/Summ      ####......   100%        7    #######


Dungeon Overview and Level Annotations

Branches:
Dungeon (11/15)            Temple (0/1) D:5            Lair (6/6) D:10
 Shoals (0/4) Lair:3        Snake (0/4) Lair:4        Slime (0/5) Lair:5
    Orc (0/2) D:9

Altars:
Cheibriados
Dithmenos
Fedhas
Hepliaklqana
Okawaru
Ru
Trog
Xom
Yredelemnul
Zin

Shops:
D:5 !

Annotations:
D:8 2 transporters
D:11 3 runed translucent doors, bmj180's ghost, journeyman DrCj
Lair:1 exclusion: river rat
Lair:3 2 transporters, Wuvaz's ghost, journeyman MiFi
Lair:5 2 transporters, Lunath's ghost, journeyman FeBe


Innate Abilities, Weirdness & Mutations

You can breathe blasts of fire.
Your fiery red scales are hard. (AC +8)
You cannot fit into any form of body armour.
Your flesh is heat resistant. (rF+)
You are cold-blooded and may be slowed by cold attacks.


Message History

You fail to use your ability.
The death yak closely misses you. The torpor snail bites your adder!!
Your adder dies!
Okay, then.
You feel much better. The death yak closely misses you.
Casting: Sticks to Snakes (safe; 1% risk of failure)
Confirm with . or Enter, or press ? or * to list all spells.
You create a snake!
You now have 144 arrows.
The death yak gores you!!
* * * LOW HITPOINT WARNING * * *
The death yak closely misses you. The torpor snail bites you!
* * * LOW HITPOINT WARNING * * *
Your adder bites the death yak but does no damage.
You feel much better. The death yak gores you!!
* * * LOW HITPOINT WARNING * * *
Your adder completely misses the death yak.
The death yak gores you!
* * * LOW HITPOINT WARNING * * *
The torpor snail bites you!
You die...
Fedhas appreciates your contribution to the ecosystem.

#P....##...#.#....##.
#........#.......##..
##......#...#P..###..
##........########...
#......=..######.....
##...................
#.................... #
#....w...............
#..####..@Y...........<...
......#....S..............
....P.....................
...P......................
###.P#.P.#.#.#.P.P.##..#P.
######.####..###########
### #### #


You could see a death yak, a torpor snail and a friendly adder.

Vanquished Creatures
  Josephine (D:10)
  4 hydras
  7 death yaks
  A fire crab (Lair:6)
  A sixfirhy (D:9)
  2 unseen horrors
  The ghost of kae the Agent of Entropy, a novice DsAK of Lugonu (D:7)
  A lindwurm (Lair:6)
  6 black mambas
  6 elephants
  An eye of devastation (Lair:5)
  A gargoyle (D:10)
  A torpor snail (Lair:6)
  8 spiny frogs
  3 rime drakes
  4 komodo dragons
  3 trolls
  5 polar bears (Lair:6)
  8 blink frogs
  2 raiju (Lair:6)
  A hornet (D:11)
  14 hippogriffs
  16 dream sheep
  A spriggan (D:7)
  6 wraiths
  Sigmund (D:5)
  44 yaks
  4 hungry ghosts
  2 wyverns
  3 basilisks
  2 two-headed ogre zombies (D:9)
  5 wargs (Lair:6)
  3 nagas (Lair:4)
  2 swamp worms (Lair:1)
  18 water moccasins
  11 hell hounds
  4 orc warriors
  3 porcupines
  4 phantoms
  A hornet zombie (D:6)
  11 black bears (Lair:6)
  3 ice beasts
  28 wolves
  5 centaurs
  9 ogres
  20 crocodiles
  A big kobold (D:11)
  15 bullfrogs
  A wyvern skeleton (D:9)
  5 scorpions
  5 killer bees (D:8)
  5 wights
  An electric eel (Lair:3)
  2 vampire bats (Lair:1)
  3 howler monkeys (D:8)
  2 bullfrog zombies
  6 crimson imps
  A centaur zombie (D:6)
  2 quasits
  5 hounds
  A jelly (D:11)
  2 bullfrog skeletons
  2 gnoll shamans
  6 orc priests
  16 orc wizards
  5 centaur skeletons
  4 iguanas
  6 hell rats (Lair:1)
  9 worker ants
  4 ogre zombies (D:9)
  A centaur simulacrum (D:7)
  A hound skeleton (D:11)
  A worker ant zombie (D:6)
  9 gnolls
  10 adders
  A howler monkey skeleton (D:9)
  10 river rats (Lair:1)
  3 shadow imps
  2 white imps (D:7)
  A howler monkey simulacrum (D:7)
  2 oozes
  3 adder skeletons
  5 worms
  3 dart slugs
  An adder simulacrum (D:7)
  7 leopard geckos
  34 orcs
  16 bats
  2 giant cockroaches (D:2)
  7 goblins
  5 hobgoblins (D:1)
  10 jackals
  11 quokkas
  6 frilled lizards
  A goblin skeleton (D:9)
  2 goblin zombies (D:9)
  A hobgoblin skeleton (D:9)
  2 hobgoblin zombies (D:9)
  A jackal zombie (D:6)
  18 kobolds
  4 orc skeletons (D:9)
  13 orc zombies (D:9)
  2 quokka skeletons (D:4)
  21 rats
612 creatures vanquished.

Vanquished Creatures (collateral kills)
  3 death yaks
  Sonja (Lair:5)
  Maurice (D:9)
  A kobold demonologist (D:10)
  5 polar bears (Lair:6)
  A hornet (D:9)
  A hippogriff (Lair:5)
  3 yaks
  A warg (Lair:6)
  2 hell hounds (Lair:6)
  A wolf (Lair:6)
  An eye of draining (Lair:5)
  2 crocodiles
  A bullfrog zombie (D:9)
  A crimson imp (D:9)
  An orc wizard (D:10)
  2 quokkas (Lair:1)
  An orc zombie (D:9)
  24 ballistomycete spores
53 creatures vanquished.

Vanquished Creatures (others)
  2 orcs (D:10)
  A ballistomycete spore (Lair:6)
  3 bushes (Lair:6)
  1769 foxfires
  24 fungi
  20 plants
1819 creatures vanquished.

Grand Total: 2484 creatures vanquished

Notes
Turn   | Place    | Note
-------+----------+-------------------------------------------
     0 | D:1      | Korbz the Draconian Fire Elementalist began the quest for
                  | the Orb.
     0 | D:1      | Reached XP level 1. HP: 14/14 MP: 3/3
   556 | D:1      | Reached XP level 2. HP: 20/20 MP: 3/5
  1436 | D:1      | Reached XP level 3. HP: 17/26 MP: 2/6
  2461 | D:2      | Found a blossoming altar of Fedhas.
  3045 | D:2      | Found an iron altar of Okawaru.
  3045 | D:2      | Found a snail-covered altar of Cheibriados.
  3046 | D:2      | Found a shadowy altar of Dithmenos.
  3440 | D:2      | Became a worshipper of Fedhas Madash
  3653 | D:3      | Noticed a scorpion
  3662 | D:3      | Killed a scorpion
  3662 | D:3      | Reached XP level 4. HP: 34/34 MP: 1/8
  3896 | D:3      | Noticed an ogre
  3914 | D:3      | Killed an ogre
  3914 | D:3      | Reached XP level 5. HP: 27/39 MP: 1/10
  4155 | D:3      | Found a glowing silver altar of Zin.
  4309 | D:3      | Reached skill level 1 in Fighting
  4616 | D:3      | Reached * piety under Fedhas
  4619 | D:3      | Reached XP level 6. HP: 47/47 MP: 3/11
  4739 | D:3      | You fall into a shaft and drop 1 floor!
  5860 | D:4      | Your scales start taking on a fiery red colour.
  5860 | D:4      | Reached skill level 5 in Fire Magic
  5860 | D:4      | Reached XP level 7. HP: 51/55 MP: 6/13
  5860 | D:4      | Gained mutation: Your flesh is heat resistant. (rF+) [Red
                  | Draconian growth]
  6081 | D:5      | Entered Level 5 of the Dungeon
  6083 | D:5      | Found a staircase to the Ecumenical Temple.
  6100 | D:5      | Reached ** piety under Fedhas
  6461 | D:5      | Noticed Sigmund
  6516 | D:5      | Found Temouf's Distillery.
  7348 | D:6      | Reached XP level 8. HP: 48/62 MP: 10/15
  7695 | D:6      | Found a basalt altar of Yredelemnul.
  7753 | D:6      | Reached skill level 5 in Spellcasting
  9466 | D:5      | Killed Sigmund
  9505 | D:5      | Bought a potion of heal wounds for 55 gold pieces
  9505 | D:5      | Bought a potion of invisibility for 88 gold pieces
  9567 | D:6      | Reached *** piety under Fedhas
  9751 | D:7      | Found the macabre finger necklace {rN+}
  9954 | D:6      | Learned a level 3 spell: Conjure Flame
 10591 | D:7      | Found a runed translucent gate.
 10591 | D:7      | Found a runed translucent gate.
 10614 | D:7      | Reached XP level 9. HP: 60/72 MP: 13/17
 10774 | D:7      | Found a runed translucent gate.
 10890 | D:7      | Noticed kae's ghost (novice DsAK)
 11075 | D:7      | Reached skill level 5 in Conjurations
 11127 | D:7      | Upgraded the game from 0.25-a0-589-g1e14c549ee to
                  | 0.25-a0-591-g2ad0d861f1
 11300 | D:7      | Reached skill level 5 in Fighting
 11377 | D:7      | Learned a level 5 spell: Fireball
 11524 | D:7      | Found a sacrificial altar of Ru.
 11927 | D:7      | Reached skill level 5 in Dodging
 11988 | D:7      | Got the ring "Vozxuteh" {Fire}
 11994 | D:7      | Identified the ring "Vozxuteh" {Fire +Blink +Inv +Fly
                  | Stlth+} (You found it on level 7 of the Dungeon)
 12063 | D:7      | Killed kae's ghost
 12063 | D:7      | Reached skill level 1 in Axes
 12063 | D:7      | Reached skill level 1 in Invocations
 12582 | D:8      | Reached XP level 10. HP: 83/83 MP: 5/20
 13287 | D:8      | Reached **** piety under Fedhas
 13724 | D:8      | Found a shimmering altar of Xom.
 14362 | D:8      | Found a hazy altar of Hepliaklqana.
 14363 | D:8      | Noticed a tengu warrior
 14366 | D:8      | Found a transporter.
 14380 | D:8      | Found a transporter.
 14695 | D:9      | Found a runed translucent door.
 14695 | D:9      | Noticed a sixfirhy
 14737 | D:9      | Learned a level 2 spell: Sticks to Snakes
 15032 | D:9      | Noticed Maurice
 15055 | D:9      | Killed Maurice
 15208 | D:9      | Paralysed by a hornet for 1 turns
 15224 | D:9      | HP: 4/86 [poisoned by a hornet]
 15229 | D:9      | HP: 3/86 [poisoned by a hornet]
 15236 | D:9      | HP: 3/86 [poisoned by a hornet]
 15244 | D:9      | HP: 3/86 [poisoned by a hornet]
 15659 | D:9      | Learned a level 4 spell: Sticky Flame
 15807 | D:9      | Reached skill level 1 in Transmutations
 16023 | D:9      | Killed a sixfirhy
 16370 | D:9      | Reached ***** piety under Fedhas
 16376 | D:9      | Found a staircase to the Orcish Mines.
 16983 | D:10     | Entered Level 10 of the Dungeon
 17000 | D:10     | Reached XP level 11. HP: 92/92 MP: 17/23
 17305 | D:10     | Found a staircase to the Lair.
 17338 | D:10     | Noticed an unseen horror
 17340 | D:10     | Killed an unseen horror
 17937 | D:10     | Reached skill level 10 in Fire Magic
 18045 | D:10     | Noticed Josephine
 19002 | D:10     | Killed Josephine
 19289 | D:11     | Noticed an unseen horror
 19299 | D:11     | Killed an unseen horror
 19544 | D:11     | Learned a level 5 spell: Bolt of Magma
 20267 | D:11     | Reached ****** piety under Fedhas
 20649 | D:11     | Reached XP level 12. HP: 103/103 MP: 25/25
 20769 | D:11     | Found a runed translucent gate.
 20769 | D:11     | Found a runed translucent gate.
 20769 | D:11     | Found a runed translucent gate.
 20769 | D:11     | Identified the +7 short sword "Draconian's Bane" {pain, rF+
                  | Str+4}
 20769 | D:11     | Noticed bmj180's ghost (journeyman DrCj)
 21099 | Lair:1   | Entered Level 1 of the Lair of Beasts
 21853 | Lair:1   | Noticed an eight-headed hydra
 21862 | Lair:1   | Killed an eight-headed hydra
 21916 | Lair:1   | Reached skill level 10 in Spellcasting
 22972 | Lair:2   | Got a scintillating wooden ring
 23216 | Lair:2   | Reached skill level 5 in Transmutations
 23648 | Lair:3   | Found a staircase to the Shoals.
 23933 | Lair:3   | Noticed a death yak
 23935 | Lair:3   | Noticed a death yak
 23938 | Lair:3   | Noticed a death yak
 23959 | Lair:2   | Killed a death yak
 24246 | Lair:2   | Killed a death yak
 24371 | Lair:2   | Killed a death yak
 24628 | Lair:3   | Identified the ring "Miuphi" {*Tele Str+4 Slay+2} (You
                  | found it on level 2 of the Lair of Beasts)
 25178 | Lair:3   | Noticed Wuvaz's ghost (journeyman MiFi)
 25379 | Lair:3   | Found a transporter.
 25383 | Lair:3   | Found a transporter.
 25480 | Lair:4   | Noticed an eight-headed hydra
 25506 | Lair:4   | Killed an eight-headed hydra
 25506 | Lair:4   | Reached skill level 1 in Earth Magic
 25682 | Lair:4   | Reached skill level 10 in Fighting
 25830 | Lair:4   | Reached XP level 13. HP: 103/113 MP: 21/27
 27965 | Lair:4   | Found a staircase to the Snake Pit.
 28160 | Lair:4   | Reached skill level 1 in Evocations
 28556 | Lair:5   | Found a staircase to the Slime Pits.
 28563 | Lair:5   | Noticed Sonja
 28954 | Lair:5   | Killed Sonja
 29715 | Lair:5   | Reached skill level 5 in Invocations
 29909 | Lair:5   | Found a transporter.
 29916 | Lair:5   | Found a bloodstained altar of Trog.
 29916 | Lair:5   | Identified the +5 trident of Yesterday {venom, rElec rF+++
                  | rN+ Str-3}
 29918 | Lair:5   | Noticed Lunath's ghost (journeyman FeBe)
 29956 | Lair:5   | Found a transporter.
 30038 | Lair:5   | Identified the +5 spear "Eghif" {protect, rF++ SInv}
 30462 | Lair:6   | Entered Level 6 of the Lair of Beasts
 31997 | Lair:6   | Reached XP level 14. HP: 111/121 MP: 10/29
 35123 | Lair:6   | HP: 3/121 [death yak (10)]
 35123 | Lair:6   | Mangled by a torpor snail

Levels and vault maps discovered:
D:1:      minmay_arrival_nine_rooms, layout_basic, minivault_5
D:2:      layout_rooms, gammafunk_temple_overflow_claw, first_ration,
          minmay_misc_feat_columns, fedhas_altar_2
D:3:      layout_loops_corners, lemuel_doored_altar
D:4:      layout_loops_ring, minmay_misc_feat_roman
D:5:      layout_basic, minmay_temple_entry_glass, serial_shops,
          kennysheep_little_box, uniq_sigmund
D:6:      layout_loops_cross, nicolae_overflow_crystal_walls
D:7:      layout_gridville, marbit_many_paths, gammafunk_ghost_icy, the_bakery,
          nrook_mini_vaults
D:8:      layout_rooms, gammafunk_temple_overflow_arena, basic_altar
D:9:      cheibrodos_shockbox, layout_long_grid, zombieorc2_lemuel, uniq_maurice
D:10:     layout_basic, david_lair_generic, uniq_josephine
D:11:     layout_cave_pods, gauntlet_entry_generic,
          gammafunk_ghost_nasty_kobolds
Lair:1:   lemuel_ratsnest, layout_chaotic_city, roderic_batcave,
          serial_bayou_pond_e, minmay_stone_trees_small, worms_lemuel
Lair:2:   layout_roguey
Lair:3:   layout_big_grid, shoals_dummy_entry, gammafunk_ghost_hive,
          serial_bayou_shore_a
Lair:4:   layout_big_grid, minmay_snake_entry_guardpost_medium,
          chequers_serial_rivers_small_3, chequers_serial_rivers_micro_b,
          st_stairs_12
Lair:5:   layout_regular_city, minmay_slime_entry_eyes,
          gammafunk_ghost_wrathful_warriors, grunt_megastairs_3,
          serial_bayou_shore_b, uniq_sonja
Lair:6:   hangedman_lair_in_review, layout_regular_city,
          hangedman_lair_caniforms_friends, grunt_forest_large_clearing_hut

Skill      XL: |  1  2  3  4  5  6  7  8  9 10 11 12 13 14 |
---------------+-------------------------------------------+-----
Stealth        | 2 3 |  3.7
Dodging        | 2 3 4 5 6 7 8 |  8.8
Spellcasting   | 3 4 5 6 8 9 10 11 12 | 12.3
Conjurations   | 2 3 4 5 6 7 |  7.2
Fire Magic     | 4 5 6 7 8 9 10 11 12 | 12.9
Fighting       | 1 2 4 6 7 8 10 | 10.1
Axes           | 1 |  1.0
Invocations    | 1 3 5 6 |  6.7
Transmutations | 2 4 6 7 8 |  8.2
Earth Magic    | 1 2 3 |  3.6
Evocations     | 3 4 |  4.4
Polearms       | |  0.5

Action                   |  1- 3 |  4- 6 |  7- 9 | 10-12 | 13-15 || total
-------------------------+-------+-------+-------+-------+-------++-------
Melee: Club              |    21 |       |       |       |       ||    21
       Tailslap          |     8 |     3 |     3 |    17 |     5 ||    36
       Short sword       |    65 |    31 |       |       |       ||    96
       Spear             |       |     9 |       |       |       ||     9
       Hand axe          |       |     1 |    28 |   130 |    12 ||   171
       Staff             |       |       |       |       |    23 ||    23
Throw: Stone             |       |       |       |       |     2 ||     2
 Cast: Foxfire           |   121 |   111 |   306 |   459 |   123 ||  1120
       Conjure Flame     |       |       |     5 |     6 |     1 ||    12
       Fireball          |       |       |     2 |    82 |    25 ||   109
       Sticks to Snakes  |       |       |       |    63 |    78 ||   141
       Sticky Flame      |       |       |       |    63 |    38 ||   101
       Bolt of Magma     |       |       |       |    23 |   111 ||   134
Invok: Grow Ballistomyce |       |       |     2 |     2 |     2 ||     6
       Wall of Briars    |       |       |       |     1 |     1 ||     2
       Overgrow          |       |       |       |       |     2 ||     2
 Abil: Breathe Fire      |       |       |     5 |    15 |    22 ||    42
       Evoke Blink       |       |       |       |     3 |     3 ||     6
       Evoke Invisibilit |       |       |       |       |     4 ||     4
Evoke: Wand              |       |       |     2 |     1 |       ||     3
  Use: Scroll            |       |       |     3 |    11 |     8 ||    22
       Potion            |       |       |     2 |     1 |     3 ||     6
 Stab: Sleeping          |     1 |       |       |       |       ||     1
  Eat: Chunk             |     5 |     5 |     9 |    36 |    30 ||    85
       Ration            |     2 |       |     4 |    14 |     9 ||    29
Armor: Skin              |    33 |    22 |    58 |   175 |    53 ||   341
Dodge: Dodged            |    48 |    57 |   143 |   423 |   197 ||   868

Table legend:
 A = Non-vault XP
 B = Vault XP
 C = Vault XP percentage of total XP
 D = Non-vault monster count
 E = Vault monster count
 F = Vault count percentage of total count
                 A         B        C        D         E       F
            +---------+---------+-------+---------+---------+-------
      Total |   58172 |   23075 |  28.4 |     462 |     179 |  27.9
            +---------+---------+-------+---------+---------+-------
        D:1 |      45 |       0 |   0.0 |      24 |       0 |   0.0
        D:2 |      40 |       0 |   0.0 |      19 |       0 |   0.0
        D:3 |     296 |       0 |   0.0 |      24 |       0 |   0.0
        D:4 |     386 |       0 |   0.0 |      27 |       0 |   0.0
        D:5 |     483 |     208 |  30.1 |      18 |       1 |   5.3
        D:6 |    1170 |     136 |  10.4 |      32 |       1 |   3.0
        D:7 |    1641 |    1128 |  40.7 |      23 |       9 |  28.1
        D:8 |    1899 |       0 |   0.0 |      40 |       0 |   0.0
        D:9 |    1489 |    1933 |  56.5 |      22 |      34 |  60.7
       D:10 |    3688 |    2984 |  44.7 |      31 |      10 |  24.4
       D:11 |    4366 |       0 |   0.0 |      34 |       0 |   0.0
     Lair:1 |    3778 |    1259 |  25.0 |      21 |      50 |  70.4
     Lair:2 |    5450 |       0 |   0.0 |      15 |       0 |   0.0
     Lair:3 |    7163 |       0 |   0.0 |      31 |       0 |   0.0
     Lair:4 |    5448 |     489 |   8.2 |      21 |       3 |  12.5
     Lair:5 |    7777 |    1385 |  15.1 |      28 |       4 |  12.5
     Lair:6 |   13053 |   13553 |  50.9 |      52 |      67 |  56.3
            +---------+---------+-------+---------+---------+-------
